 Dungeon Crawl Stone Soup version 0.17.1-1-g73c8601 (webtiles) character file.

14708351 Eptagon the Grand Master (level 27, 245/246 HPs)
             Began as an Octopode Monk on Dec 20, 2015.
             Was the Champion of Ashenzari.
             Escaped with the Orb
             ... and 15 runes on Dec 22, 2015!
             The game lasted 07:26:17 (108338 turns).

Eptagon the Grand Master (Octopode Monk)          Turns: 108338, Time: 07:26:17

Health: 245/246    AC:  9    Str: 16    XL:     27
Magic:  57/57      EV: 41    Int: 20    God:    Ashenzari [******]
Gold:   18611      SH: 34    Dex: 32    Spells: 14 memorised, 12 levels left

rFire  + + +     SeeInvis +       - Unarmed
rCold  + + +     Clarity  +     F - +8 large shield {AC+3} (curse)
rNeg   + + +     SustAt   .     u - -2 hat of the Alchemist {rElec rPois rF+ rC+ rN+ MR+ rMut rCorr} (curse)
rPois  +         Gourm    .     V - amulet of Qeakenwa {rElec rF+ Regen+} (curse)
rElec  +         Spirit   .     e - ring of protection from magic (curse)
rCorr  +         Warding  .     y - ring of the Ten Moons {rC+ rN++ Dex+6 Stlth+} (curse)
rMut   +         Stasis   .     O - +3 ring of protection (curse)
MR     +++++                    d - ring "Weot" {Wiz Slay+2} (curse)
Stlth  +++++++...               R - ring of Shadows {Umbra +Inv rN+ SInv} (curse)
                                Q - +6 ring of slaying (curse)
                                z - ring "Uredof" {rF+ rC+ rN+ Dex+2} (curse)
                                Z - ring "Ekhlel" {rN+ MP+9 Str+4 Int+4} (curse)

@: wreathed by umbra, deflect missiles, almost entirely resistant to hostile
enchantments, extremely stealthy
A: almost no armour, amphibious, 8 rings, constrict 8, iridescent scales 1,
camouflage 1, berserk 1, clever 1, low mp 1, magic resistance 1, robust 1,
screaming 1, gelatinous body 1
a: Scrying, Transfer Knowledge, Renounce Religion, Evoke Invisibility
0: Orb of Zot
}: 15/15 runes: decaying, serpentine, slimy, silver, golden, iron, obsidian,
icy, bone, abyssal, demonic, glowing, magical, fiery, dark


You escaped.
You worshipped Ashenzari.
Ashenzari was exalted by your worship.
You were completely stuffed.

You visited 17 branches of the dungeon, and saw 94 of its levels.
You visited Pandemonium 3 times, and saw 44 of its levels.
You visited the Abyss 2 times.
You visited 1 bazaar.
You visited 2 ziggurats, and saw 31 of their levels (deepest: 16).
You also visited: Trove, Ossuary and Ice Cave.

You collected 22557 gold pieces.
You spent 3946 gold pieces at shops.

Inventory:

Armour
 u - the cursed -2 hat of the Alchemist (worn) {rElec rPois rF+ rC+ rN+ MR+ rMut rCorr}
   (You found it on level 3 of the Crypt)

   It protects you from fire.
   It protects you from cold.
   It insulates you from electricity.
   It protects you from poison.
   It protects you from negative energy.
   It affects your resistance to hostile enchantments.
   It protects you from acid and corrosion.
   It protects you from mutation.
   It has a curse placed upon it.
 F - a cursed +8 large shield of protection (worn)
Jewellery
 d - the cursed ring "Weot" (on tentacle) {Wiz Slay+2}
   (You found it on level 3 of the Tomb of the Ancients)

   [ring of wizardry]

   It improves your spell success rate.
   It affects your accuracy and damage with ranged weapons and melee attacks
   (+2).
   It has a curse placed upon it.
 e - a cursed ring of protection from magic (left tentacle)
 y - the cursed ring of the Ten Moons (right tentacle) {rC+ rN++ Dex+6 Stlth+}
   (You found it on level 6 of the Dungeon)

   [ring of dexterity]

   It affects your dexterity (+6).
   It protects you from cold.
   It greatly protects you from negative energy.
   It makes you more stealthy.
   It has a curse placed upon it.
 z - the cursed ring "Uredof" (on tentacle) {rF+ rC+ rN+ Dex+2}
   (You found it on level 6 of the Pits of Slime)

   [ring of dexterity]

   It affects your dexterity (+2).
   It protects you from fire.
   It protects you from cold.
   It protects you from negative energy.
   It has a curse placed upon it.
 C - the amulet of Reshaqae {Ward rElec rN+ Slay+3 SInv}
   (You found it on level 3 of the Abyss)

   [amulet of warding]

   It may prevent the melee attacks of summoned creatures.
   It affects your accuracy and damage with ranged weapons and melee attacks
   (+3).
   It insulates you from electricity.
   It protects you from negative energy.
   It lets you see invisible.
 O - a cursed +3 ring of protection (on tentacle)
 Q - a cursed +6 ring of slaying (on tentacle)
 R - the cursed ring of Shadows (on tentacle) {Umbra +Inv rN+ SInv}
   (You took it off a deep elf sorcerer on level 3 of the Elven Halls)

   [ring of invisibility]

   It protects you from negative energy.
   It lets you see invisible.
   It lets you turn invisible.
   It has a curse placed upon it.
 V - the cursed amulet of Qeakenwa (around mantle) {rElec rF+ Regen+}
   (You found it on level 14 of a ziggurat)

   [amulet of regeneration]

   It protects you from fire.
   It insulates you from electricity.
   It increases your rate of regeneration.
   It has a curse placed upon it.
 Z - the cursed ring "Ekhlel" (on tentacle) {rN+ MP+9 Str+4 Int+4}
   (You took it off a yaktaur on level 5 of the Vaults)

   [ring of magical power]

   It affects your strength (+4).
   It affects your intelligence (+4).
   It protects you from negative energy.
   It affects your magic capacity (+9).
   It has a curse placed upon it.
Wands
 p - a wand of heal wounds (7)
 A - a wand of heal wounds (9)
 D - a wand of heal wounds (6)
 J - a wand of digging (16)
 L - a wand of heal wounds (8)
 N - a wand of teleportation (7)
 T - a wand of disintegration (7)
Scrolls
 b - 17 scrolls of teleportation
 i - 19 scrolls of fog
 j - 5 scrolls of remove curse
 l - 15 scrolls of blinking
 m - 8 scrolls of holy word
 n - 3 scrolls of summoning
 o - 11 scrolls of recharging
 q - 9 scrolls of fear
 B - 5 scrolls of silence
 M - 10 scrolls of magic mapping
Potions
 a - a potion of cancellation
 g - 8 potions of haste
 h - 6 potions of resistance
 k - 10 potions of agility
 t - 13 potions of might
 w - 28 potions of heal wounds
 x - 3 potions of invisibility
 E - 5 potions of magic
 G - 27 potions of curing
 I - 22 potions of brilliance
 K - 11 potions of flight
 X - 11 potions of cure mutation
Miscellaneous
 c - a legendary deck of summoning {the Dance}
 s - a legendary deck of wonders {Wild Magic}
 v - 5 phantom mirrors
Comestibles
 f - 37 fruits
 r - 11 meat rations


   Skills:
 O Level 27 Fighting
 - Level 13.0 Throwing
 - Level 23.8(27) Dodging
 - Level 20.0(23.5) Stealth
 + Level 24.4(26.4) Shields
 O Level 27 Unarmed Combat
 O Level 27 Spellcasting
 - Level 11.5(15.7) Charms
 - Level 13.3(17.4) Summonings
 - Level 18.4(22.0) Translocations
 - Level 13.3(17.4) Transmutations
 - Level 7.0(11.5) Air Magic
 - Level 24.0(27) Earth Magic
 + Level 19.8(23.3) Evocations


You had 12 spell levels left.
You knew the following spells:

 Your Spells              Type           Power        Failure   Level  Hunger
a - Apportation           Tloc           #######...   0%          1    None
b - Controlled Blink      Tloc           N/A          1%          8    ######.
h - Haste                 Chrm           ######..     1%          6    #......
i - Iron Shot             Conj/Erth      ######....   1%          6    #......
l - Lee's Rapid Deconstr  Erth           #######...   0%          5    None
p - Phase Shift           Tloc           #######...   0%          5    None
r - Regeneration          Chrm/Necr      ######....   1%          3    None
s - Stoneskin             Trmt/Erth      #######.     0%          2    None
z - Silence               Hex/Air        ######....   1%          5    None
A - Aura of Abjuration    Summ           #######...   1%          5    None
B - Summon Butterflies    Summ           #######.     0%          1    None
D - Deflect Missiles      Chrm/Air       ######....   1%          6    #......
S - Statue Form           Trmt/Erth      #######..    1%          6    #......
Z - Shatter               Erth           #######...   2%          9    #######


Dungeon Overview and Level Annotations

Branches:
Dungeon (15/15)            Temple (0/1) D:6            Lair (8/8) D:9
  Swamp (4/4) Lair:6        Snake (4/4) Lair:3        Slime (6/6) Lair:7
    Orc (4/4) D:10            Elf (3/3) Orc:4        Vaults (5/5) D:14
  Crypt (3/3) Vaults:2       Tomb (3/3) Crypt:3      Depths (5/5) D:15
   Hell (1/1)                 Dis (7/7) Hell            Geh (7/7) Hell
    Coc (7/7) Hell            Tar (7/7) Hell            Zot (5/5) Depths:5

Altars:
Ashenzari
Dithmenos
Gozag
Kikubaaqudgha
Makhleb
Nemelex Xobeh
Qazlal
Ru
Sif Muna
Vehumet
Xom
Yredelemnul
Zin
The Shining One
Beogh
Jiyva

Shops:
D:6 *   D:7 *(   D:14 *   Orc:4 (=[*   Vaults:4 !   Vaults:5 !

Portals:
Hell: Depths:1 Depths:2 Depths:3 Depths:4 Depths:5
Abyss: Depths:1 Depths:4
Pandemonium: Depths:2 Depths:3 Depths:4


Innate Abilities, Weirdness & Mutations

You cannot wear most types of armour.
You are amphibious.
You can wear up to eight rings at the same time.
You can use your tentacles to constrict eight enemies at once.
Your skin changes colour to match your surroundings (Stealth).
Your rubbery body absorbs attacks (AC +1).
You are partially covered in iridescent scales (AC +4).
You tend to lose your temper in combat.
Your mind is acute. (Int +2)
Your magical capacity is low (-10% MP).
You are resistant to hostile enchantments.
You are robust (+10% HP).
You occasionally shout uncontrollably at your foes.


Message History

Eat which item? (? for menu, Esc to quit)
Okay, then.
You batter the toenail golem!!
The toenail golem is heavily damaged.
You bludgeon the toenail golem!
The toenail golem is severely damaged.
You block the toenail golem's attack.
You batter the toenail golem!!
You destroy the toenail golem!
There is a staircase leading out of the dungeon here.
Eat which item? (? for menu, Esc to quit)
You continue eating. x2
You finish eating.
That meat ration really hit the spot!
Eat which item? (? for menu, Esc to quit)
You continue eating. x2
You finish eating.
That meat ration really hit the spot!
You start resting.
Your magical contamination has completely faded away.
You can't go down here!
You have escaped!

#.# #.# #.##.## #.#####.# #.##.##
........###################..#.##
......................{..........
#.###########.#########.###......
...####### #)# ## #.#.†)...##
.........####.## #.# #.#.#...###
#.########..#).##.## #...(.†....
#.# ##....##.).@..# #.#.#......
#.####..8..#.)..##.# #)..#.....#
#.##.'......#......# #.#.#.....#
#.##(#..8..##.##.### #.#.#.....#
#.##.#.....#.###'# #.#.#.....#
'.##...#.#..####.######.###.....#
#.............((...)....# #.....#
#.#######..#######.####.# #.....#
#....####'########.####.# #.....#


There were no monsters in sight!

Vanquished Creatures
  Cerebov (Pan)
  Antaeus (Coc:7)
  Asmodeus (Geh:7)
  the royal jelly (Slime:6)
  Dissolution (Slime:2)
  Ereshkigal (Tar:7)
  23 pandemonium lords
  Gloorx Vloq (Pan)
  3 seraphim the Serpent of Hell (Coc:7)
  Mnoleg (Pan)
  Lom Lobon (Pan)
  Dispater (Dis:7)
  13 ancient liches
  Khufu (Crypt:2)
  2 orbs of fire (Zot:5)
  The ghost of Kloppie the Axe Maniac, a legendary HOFi of the Shining One (Dis:7)
  Mennas (Pan)
  3 juggernauts (Depths:3)
  14 greater mummies
  Sojobo (Tomb:1)
  Frederick (Vaults:3)
  The ghost of karlm the Ruinous, a veteran DEWz of Vehumet (Vaults:5)
  10 shard shrikes
  Norris (D:14)
  Saint Roka (Depths:5)
  Vashnia (Snake:2)
  2 curse toes (Zig:15)
  13 Killer Klowns
  Geryon (Hell)
  11 golden dragons
  A profane servitor (Abyss:3)
  2 pearl dragons (Pan)
  16 liches
  8 bone dragons
  3 electric golems
  22 tentacled monstrosities
  23 Brimstone Fiends
  2 hellephants
  11 Hell Sentinels
  7 titans
  22 Ice Fiends
  31 Orb Guardians
  Asterion (Elf:1)
  25 Shadow Fiends
  6 deep elf blademasters
  4 deep elf master archers
  2 quicksilver dragons (Dis:7)
  17 acid blobs
  2 octopode crushers
  A sphinx (shapeshifter) (Zig:14)
  6 tentacled starspawn
  4 eldritch tentacles
  7 death cobs
  15 sphinxes
  26 Executioners
  3 thorn hunters
  Kirke (Lair:7)
  8 tengu reavers
  7 ancient champions
  6 shadow dragons
  16 storm dragons
  4 revenants
  Roxanne (Swamp:3)
  19 daevas
  An azure jelly (shapeshifter) (Zig:6)
  11 azure jellies
  3 draconian monks
  Wiglaf (Depths:2)
  9 greater nagas
  13 deep elf sorcerers
  Donald (D:14)
  13 fire giants
  Maud (Lair:5)
  9 draconian knights
  18 frost giants
  6 warmongers
  An emperor scorpion (Zig:14)
  12 vault wardens
  24 cacodemons
  Aizul (Swamp:3)
  16 iron dragons
  Louise (Snake:1)
  15 ghost moths
  5 orc warlords
  An emperor scorpion (shapeshifter) (Zig:14)
  4 draconian scorchers
  40 balrugs
  6 curse skulls
  6 draconian zealots
  3 juggernaut zombies
  26 angels
  12 ghouls
  9 vampire knights
  5 draconian shifters
  59 reapers
  63 large abominations
  A stone giant (shapeshifter) (Zig:13)
  6 draconian annihilators
  4 spriggan defenders
  9 ironheart preservers
  22 stone giants
  A caustic shrike skeleton (Zig:12)
  14 war gargoyles
  18 ophanim
  2 juggernaut skeletons
  30 very ugly things
  4 elemental wellsprings (Coc:7)
  26 apis (Pan)
  4 draconian callers
  7 yellow draconians
  12 corrupters
  14 deep elf annihilators
  6 blood saints (Pan)
  11 salamander firebrands
  16 deep elf demonologists
  8 purple draconians
  7 lorocyprocas
  29 dire elephants
  8 white draconians
  3 black draconians
  8 mottled draconians
  6 green draconians
  A salamander stormcaller (D:14)
  8 bennus
  7 red draconians
  A dire elephant (shapeshifter) (Zig:13)
  7 black suns (Pan)
  12 chaos champions
  21 green deaths
  10 deep elf death magi
  19 ettins
  48 blizzard demons
  Snorg (Lair:7)
  8 death oozes
  24 vault guards (Vaults:4)
  21 fire dragons
  21 rakshasas
  11 eidola
  20 mummy priests
  A minotaur (shapeshifter) (Vaults:5)
  7 quicksilver dragon zombies
  Josephine (Lair:5)
  3 merfolk impalers (Zig:12)
  11 jiangshi
  11 great orbs of eyes
  8 deep elf high priests
  4 quicksilver dragon skeletons
  35 ice dragons
  Harold (D:11)
  8 hell beasts
  Erolcha (D:11)
  13 naga warriors
  An ice dragon (shapeshifter) (D:14)
  3 spriggan air magi
  17 yaktaur captains
  8 centaur warriors
  5 catoblepae
  9 entropy weavers
  A catoblepas (shapeshifter) (Depths:5)
  9 monstrous demonspawn (Pan)
  A merfolk avatar (Zig:12)
  3 ghost crabs
  25 hydras
  A satyr (Zig:12)
  3 merfolk aquamancers (Zig:12)
  6 deep troll shamans
  7 tengu warriors
  22 dancing weapons
  14 anacondas
  4 alligators
  11 ogre magi
  3 death knights (Crypt:3)
  8 thrashing horrors
  9 deep troll earth magi
  9 naga sharpshooters
  53 sun demons
  6 spriggan berserkers
  9 shock serpents
  68 soul eaters
  21 hell hogs
  7 orc high priests
  2 titan zombies
  5 vampire magi
  2 storm dragon zombies
  2 fire crabs (shapeshifter)
  Nergalle (Orc:4)
  An iron golem (Hell)
  A shock serpent (shapeshifter) (Vaults:5)
  An iron troll (shapeshifter) (Zig:13)
  21 flayed ghosts
  13 wretched stars
  A death drake (Depths:2)
  10 titan skeletons
  24 deep elf knights
  32 shadow wraiths
  99 death scarabs
  57 ice devils
  4 golden dragon zombies
  91 skeletal warriors
  16 cherubim (Pan)
  9 giant orange brains
  61 hell knights
  The ghost of Enrond the Thaumaturge, a novice DECj of Vehumet (D:14)
  20 deep trolls
  2 sea snakes (Zig:12)
  2 spatial maelstroms
  A ball lightning (Pan)
  5 iron trolls
  3 ghost moth zombies
  23 shadow demons
  18 ironbrand convokers
  A spectral hydra (Depths:2)
  A swamp dragon (shapeshifter) (Zig:5)
  A spectral anaconda (Depths:2)
  3 spriggan druids
  3 storm dragon skeletons
  13 infernal demonspawn
  7 salamander mystics
  8 anaconda zombies
  8 shambling mangroves
  An unseen horror (shapeshifter) (D:15)
  20 necromancers
  13 phantasmal warriors
  8 naga ritualists
  20 anubis guards
  The ghost of Clownie the Spry, a novice FeMo of Ru (Lair:1)
  14 gelid demonspawn (Pan)
  12 unseen horrors
  5 shadow dragon zombies
  10 swamp dragons
  10 deep elf summoners
  An obsidian statue (Zot:5)
  3 orange crystal statues
  10 putrid demonspawn
  4 wizards
  35 starcursed masses
  A hill giant (shapeshifter) (Zig:8)
  A spectral minotaur (Depths:2)
  14 torturous demonspawn
  13 orc knights
  5 anaconda skeletons
  9 hill giants
  8 shining eyes
  8 harpies
  7 golden dragon skeletons
  4 tengu zombies
  7 lindwurms
  25 deep elf conjurers
  A hornet (shapeshifter) (Depths:2)
  13 small abominations
  A mana viper (shapeshifter) (D:15)
  16 mana vipers
  12 wolf spiders
  10 wolf spider zombies
  5 stone giant zombies
  5 iron dragon zombies
  14 hornets
  7 shadow dragon skeletons
  16 oklob plants
  2 sphinx zombies (Zig:15)
  7 frost giant zombies
  A water nymph (Zig:12)
  8 orb spiders
  A shining eye (shapeshifter) (Vaults:5)
  66 ugly things
  6 griffons
  2 tengu skeletons
  19 salamanders
  2 worldbinders
  7 fire giant zombies
  The ghost of Clownie the Nimble, a novice FeMo of Nemelex Xobeh (D:11)
  15 elephants
  3 fauns (Zig:12)
  19 naga magi
  7 orc sorcerers
  7 apocalypse crabs
  9 fire giant skeletons
  3 frost giant skeletons
  54 rust devils
  34 sixfirhies
  5 dire elephant zombies
  A shock serpent zombie (Crypt:2)
  Maurice (D:8)
  A toenail golem (D:1)
  2 sirens (Zig:12)
  6 manticores
  4 iron dragon skeletons
  33 moths of wrath
  9 stone giant skeletons
  39 black mambas
  2 octopodes (shapeshifter)
  9 cyclopes
  6 ice statues
  10 guardian serpents
  2 torpor snails
  A torpor snail (shapeshifter) (Vaults:5)
  4 eyes of devastation
  31 hellions
  3 dire elephant skeletons
  17 vault sentinels
  46 orange demons
  2 elf skeletons (Zig:15)
  27 spiny frogs
  5 spectral swamp worms (Depths:1)
  11 molten gargoyles
  A storm dragon simulacrum (Abyss:5)
  3 anaconda simulacra (IceCv)
  3 black mambas (shapeshifter)
  3 gargoyles
  2 shock serpent skeletons
  74 smoke demons
  3 spectral merfolk (Depths:2)
  An emperor scorpion zombie (Coc:7)
  A spriggan skeleton (Zig:15)
  12 efreet
  A kobold demonologist (Vaults:1)
  11 demonic crawlers
  4 fire drakes
  A redback zombie (Crypt:2)
  A swamp worm zombie (Crypt:1)
  2 fire drakes (shapeshifter)
  2 minotaur zombies
  46 guardian mummies
  A troll (shapeshifter) (Elf:1)
  52 red devils
  34 tormentors
  4 jumping spiders
  9 ancient zymes
  15 deep elf priests
  18 two-headed ogres
  36 yaktaurs
  A golden dragon simulacrum (IceCv)
  2 harpy zombies
  4 trolls
  A wind drake (Zig:12)
  16 komodo dragons
  A shadow dragon simulacrum (Coc:7)
  4 merfolk (Zig:12)
  16 hydra zombies
  4 tengu conjurers
  A queen bee (shapeshifter) (Elf:1)
  39 freezing wraiths
  7 hydra skeletons
  2 polar bears
  39 hellwings
  38 blue devils
  5 giant leeches
  4 harpy skeletons
  17 ushabtiu
  10 ettin zombies
  A silent spectre (Tar:7)
  2 raiju (shapeshifter)
  22 raiju
  13 spriggans
  29 blink frogs
  22 bog bodies
  6 boulder beetles
  4 air elementals (Zig:5)
  5 fire dragon zombies
  115 slime creatures
  3 snapping turtles
  8 trapdoor spiders
  8 alligator zombies
  A blink frog (shapeshifter) (Zig:13)
  98 flying skulls
  30 ynoxinuls
  2 black mamba zombies
  An ice dragon zombie (Geh:7)
  2 dire elephant simulacra (IceCv)
  4 fire dragon skeletons
  A stone giant simulacrum (Crypt:2)
  Sigmund (D:5)
  9 ettin skeletons
  21 redbacks
  A spriggan (shapeshifter) (Vaults:5)
  20 vampires
  21 shadows
  4 fire bats (Abyss:3)
  84 yaks
  18 fire elementals
  9 tarantellas
  A yak (shapeshifter) (Depths:4)
  An alligator skeleton (Hell)
  48 deep elf magi
  6 ice dragon skeletons
  47 wraiths
  A wyvern (D:8)
  An elf zombie (Zig:15)
  44 neqoxecs
  2 black mamba skeletons
  44 deep elf fighters
  Eustachio (D:5)
  13 golden eyes
  16 humans
  18 water elementals
  5 hungry ghosts
  2 iron troll simulacra (IceCv)
  6 basilisks
  32 wolves
  15 hippogriffs
  A warg (shapeshifter) (Vaults:1)
  Menkaure (D:5)
  8 spiny frog zombies
  31 vampire mosquitoes
  25 chaos spawn
  2 harpy simulacra (IceCv)
  3 mottled dragons
  16 insubstantial wisps
  39 nagas
  2 yaktaur simulacra
  8 wargs
  46 hell hounds
  A soldier ant (D:12)
  A soldier ant (shapeshifter) (Abyss:5)
  21 swamp worms
  A black bear (Lair:2)
  8 hydra simulacra
  18 water moccasins
  A spider (Zig:10)
  10 porcupines
  An elephant zombie (Crypt:2)
  A fire dragon simulacrum (Tomb:2)
  3 spectral trolls (Depths:2)
  5 spiny frog skeletons
  13 eyes of draining
  40 ogres
  A manticore zombie (Zig:11)
  4 snapping turtle zombies
  A ghost crab zombie (Crypt:3)
  An eye of draining (shapeshifter) (Vaults:1)
  2 ettin simulacra
  10 phantoms
  A spectral spriggan (Depths:2)
  14 swamp drakes
  11 centaurs
  11 ice beasts
  8 sky beasts
  2 black bears (shapeshifter)
  20 necrophages
  3 swamp dragon zombies
  24 wasps
  A manticore skeleton (Tar:7)
  9 boggarts
  52 orc warriors
  A swamp dragon skeleton (Crypt:3)
  A snapping turtle skeleton (Geh:3)
  An ice beast (shapeshifter) (Zig:14)
  8 human skeletons
  22 crocodiles
  4 brain worms
  4 big kobolds
  Blork the orc (D:5)
  A gnoll sergeant (D:10)
  30 giant frogs
  3 wyvern zombies
  3 earth elementals
  A deep troll simulacrum (Vaults:4)
  A cyclops skeleton (Crypt:1)
  2 wyvern skeletons
  22 killer bees
  11 scorpions
  2 troll zombies (D:10)
  An elephant simulacrum (IceCv)
  A spiny frog simulacrum (Hell)
  An elf simulacrum (Vaults:1)
  A hippogriff zombie (Crypt:3)
  A spectral centaur (Depths:2)
  2 spectral nagas (Depths:2)
  An orc simulacrum (Vaults:1)
  2 spriggan zombies
  48 wights
  4 spectral ogres (Depths:2)
  2 quasits (Abyss:3)
  7 lava snakes (D:14)
  27 crimson imps
  13 hounds
  3 centaur zombies
  6 electric eels
  2 giant frog zombies
  17 iron imps
  50 jellies
  2 draconian simulacra (IceCv)
  A black bear skeleton (Crypt:2)
  19 human zombies
  22 orc priests
  4 centaur skeletons
  6 hell rats (Hell)
  35 orc wizards
  A giant frog skeleton (D:8)
  A gnoll shaman (D:7)
  9 iguanas
  20 sheep
  A lightning spire (Zig:10)
  3 worker ants
  A troll simulacrum (IceCv)
  A killer bee zombie (D:6)
  2 big kobold zombies (Ossuary)
  3 centaur simulacra
  A polar bear simulacrum (IceCv)
  A brain worm zombie (Crypt:2)
  A spriggan simulacrum (IceCv)
  A mottled dragon zombie (Crypt:3)
  3 naga zombies
  8 ogre zombies
  A dwarf skeleton (Crypt:1)
  4 hound skeletons
  72 mummies
  7 gnolls
  80 river rats
  A steam dragon zombie (Crypt:2)
  28 adders
  18 shadow imps
  A naga simulacrum (IceCv)
  2 ogre simulacra (IceCv)
  13 white imps
  2 oozes
  An ooze (shapeshifter) (Zig:13)
  12 ufetubi
  A giant eyeball (Depths:2)
  A sheep zombie (Crypt:1)
  7 worms
  2 adder skeletons
  179 orcs
  4 ball pythons
  16 bats
  A bat zombie (Crypt:1)
  8 giant cockroaches
  3 hobgoblins
  17 jackals
  17 kobolds
  4 quokkas
  7 giant geckos
  A giant gecko zombie (D:6)
  6 giant newts
  A gnoll skeleton (Crypt:1)
  7 goblins
  3 goblin skeletons (D:10)
  5 goblin zombies
  2 hobgoblin skeletons (D:10)
  11 hobgoblin zombies
  A jackal zombie (Ossuary)
  7 kobold zombies (Ossuary)
  5 orc skeletons
  25 orc zombies
  8 rats
  3 rat zombies (Ossuary)
  40 bushes (Zot:4)
  2 crawling corpses (Elf:3)
  An eldritch tentacle segment (Tomb:2)
  2 fire vortices (Geh:5)
  25 fungi (Zot:4)
  2 lurking horrors
  21 plants
  A spectral weapon (Elf:1)
  10 starspawn tentacles
6345 creatures vanquished.

Vanquished Creatures (others)
  3 liches
  A tengu reaver (Depths:4)
  An eldritch tentacle (Tomb:2)
  An ancient champion (Tomb:2)
  An elemental wellspring (Coc:7)
  A blood saint (Pan)
  A deep elf annihilator (Pan)
  A blizzard demon (Coc:7)
  A quicksilver dragon skeleton (Coc:7)
  2 ice dragons
  A green death (Pan)
  10 death scarabs
  12 ball lightnings (Pan)
  2 giant orange brains (Pan)
  A shadow dragon zombie (Geh:4)
  A moth of wrath (Zot:5)
  An ugly thing (Depths:1)
  An apocalypse crab (Zig:8)
  A fire giant skeleton (Depths:2)
  A sixfirhy (Pan)
  A smoke demon (Pan)
  An efreet (Pan)
  A harpy skeleton (Coc:7)
  A flying skull (Tomb:3)
  4 humans (Lair:7)
  A basilisk (Lair:7)
  A yak (Lair:8)
  A wraith (Coc:5)
  2 vampire mosquitoes (Vaults:1)
  A chaos spawn (Pan)
  2 deep elf fighters (Zig:15)
  A hell hound (Geh:7)
  A wasp (Swamp:4)
  2 ogres
  A brain worm (shapeshifter) (Depths:4)
  4 wights
  An orc priest (D:8)
  A porcupine skeleton (Crypt:3)
  2 river rats (Lair:7)
  A white imp (Abyss:5)
  4 orcs (Zig:10)
  122 eldritch tentacle segments
  84 fungi
  5 lost souls
  95 plants
  23 starspawn tentacles
  219 starspawn tentacle segments
626 creatures vanquished.

Grand Total: 6971 creatures vanquished

Notes
Turn   | Place    | Note
--------------------------------------------------------------
     0 | D:1      | Eptagon the Octopode Monk began the quest for the Orb.
     0 | D:1      | Reached XP level 1. HP: 16/16 MP: 1/1
   212 | D:1      | Found a shattered altar of Ashenzari.
   285 | D:1      | Reached XP level 2. HP: 21/21 MP: 2/2
   633 | D:1      | Became a worshipper of Ashenzari the Shackled
   633 | D:1      | Reached * piety under Ashenzari
   633 | D:1      | Reached ** piety under Ashenzari
   915 | D:2      | Reached XP level 3. HP: 26/26 MP: 3/3
   930 | D:2      | Found an opulent altar of Gozag.
  1063 | D:2      | Reached skill level 1 in Shields
  1063 | D:2      | Reached skill level 5 in Unarmed Combat
  1462 | D:2      | Found a sacrificial altar of Ru.
  1541 | D:3      | Reached XP level 4. HP: 31/31 MP: 4/4
  2049 | D:3      | Found a faded altar to an unknown god.
  2317 | D:4      | Reached XP level 5. HP: 23/36 MP: 5/5
  2656 | D:4      | Noticed a phantom
  2825 | D:4      | Reached skill level 6 in Unarmed Combat
  3192 | D:4      | Reached XP level 6. HP: 32/42 MP: 6/6
  3291 | D:4      | Noticed an ogre
  3307 | D:4      | Killed an ogre
  3389 | D:4      | Noticed an ogre
  3396 | D:4      | Found a radiant altar of Vehumet.
  3548 | D:4      | Reached skill level 7 in Unarmed Combat
  3844 | D:5      | Entered Level 5 of the Dungeon
  3844 | D:5      | Noticed Menkaure
  3861 | D:5      | Killed Menkaure
  3861 | D:5      | Reached XP level 7. HP: 4/46 MP: 7/7
  3884 | D:5      | Noticed Sigmund
  4202 | D:5      | Found a shadowy altar of Dithmenos.
  4224 | D:5      | Reached skill level 8 in Unarmed Combat
  4256 | D:5      | Killed Sigmund
  4308 | D:5      | Reached *** piety under Ashenzari
  4390 | D:5      | Found a deep blue altar of Sif Muna.
  4451 | D:5      | Reached XP level 8. HP: 50/52 MP: 8/8
  4726 | D:5      | Found a deep blue altar of Sif Muna.
  4862 | D:5      | Noticed Blork the orc
  4975 | D:5      | Noticed Eustachio
  4995 | D:5      | Killed Blork the orc
  5529 | D:5      | Killed Eustachio
  5529 | D:5      | Reached skill level 5 in Stealth
  6077 | D:6      | Reached skill level 9 in Unarmed Combat
  6134 | D:6      | Reached skill level 5 in Fighting
  6134 | D:6      | Reached XP level 9. HP: 45/61 MP: 9/9
  6257 | D:6      | Reached skill level 5 in Dodging
  6281 | D:6      | Identified the ring of the Ten Moons {rC+ rN++ Dex+6 Stlth+}
  6630 | D:6      | Found Xammist's Serpentskin Sales.
  6690 | D:6      | Bought a +0 blowgun for 27 gold pieces
  6690 | D:6      | Bought 6 curare-tipped needles for 39 gold pieces
  7341 | D:6      | Found a staircase to the Ecumenical Temple.
  7507 | D:7      | Found a sand-covered staircase.
  7652 | D:7      | Killed a phantom
  7795 | Ossuary  | Entered an ossuary
  7965 | Ossuary  | Learned a level 2 spell: Stoneskin
  7971 | Ossuary  | Learned a level 5 spell: Lee's Rapid Deconstruction
  8468 | D:7      | Found a glowing silver altar of Zin.
  8468 | D:7      | Found Meamowia's Hallowed Reliquary.
  8471 | D:7      | Noticed an angel
  8502 | D:7      | Found Yguihes's Antique Weapon Shop.
  8626 | D:7      | Reached skill level 10 in Unarmed Combat
  8626 | D:7      | Reached XP level 10. HP: 69/69 MP: 10/10
  8715 | D:7      | Found a shattered altar of Ashenzari.
  8715 | D:7      | Found a glowing silver altar of Zin.
  8716 | D:7      | Found a sparkling altar of Nemelex Xobeh.
  9023 | D:8      | Found a shimmering altar of Xom.
  9027 | D:8      | Reached **** piety under Ashenzari
  9376 | D:8      | Noticed Maurice
  9386 | D:8      | Killed Maurice
  9504 | D:8      | Found a glowing golden altar of the Shining One.
 10003 | D:9      | Found a staircase to the Lair.
 10340 | D:9      | Reached skill level 11 in Unarmed Combat
 10379 | D:9      | Found a stormy altar of Qazlal.
 10400 | D:9      | Reached XP level 11. HP: 40/78 MP: 11/11
 10426 | D:9      | Noticed a centaur warrior
 10852 | D:9      | Found a shadowy altar of Dithmenos.
 10927 | D:9      | Killed a centaur warrior
 11374 | D:9      | Found a burning altar of Makhleb.
 11587 | Lair:1   | Entered Level 1 of the Lair of Beasts
 12206 | Lair:1   | Noticed Clownie's ghost (novice FeMo)
 12229 | Lair:1   | Killed Clownie's ghost
 13522 | Lair:2   | Reached skill level 12 in Unarmed Combat
 13913 | Lair:2   | Reached skill level 10 in Fighting
 13934 | Lair:2   | Reached skill level 10 in Dodging
 13934 | Lair:2   | Reached XP level 12. HP: 60/87 MP: 12/12
 15958 | Lair:2   | Reached skill level 13 in Unarmed Combat
 16812 | Lair:3   | Reached XP level 13. HP: 95/95 MP: 13/13
 16967 | Lair:3   | Reached ***** piety under Ashenzari
 16975 | Lair:3   | Reached skill level 5 in Shields
 17698 | Lair:3   | Found a staircase to the Snake Pit.
 18477 | D:7      | Bought a wand of heal wounds (4) for 576 gold pieces
 20207 | Lair:5   | Noticed Josephine
 20461 | Lair:5   | Killed Josephine
 20881 | Lair:5   | Noticed Maud
 20890 | Lair:5   | Killed Maud
 20890 | Lair:5   | Reached skill level 1 in Transmutations
 21145 | Lair:6   | Reached skill level 1 in Earth Magic
 21282 | Lair:6   | Reached skill level 14 in Unarmed Combat
 21547 | Lair:6   | Found a staircase to the Swamp.
 21728 | Lair:7   | Found a staircase to the Slime Pits.
 21728 | Lair:7   | Noticed Kirke
 21734 | Lair:7   | Killed Kirke
 21734 | Lair:7   | Reached XP level 14. HP: 92/103 MP: 14/14
 22061 | Lair:7   | Noticed Snorg
 22083 | Lair:7   | Killed Snorg
 22979 | Lair:8   | Entered Level 8 of the Lair of Beasts
 23012 | Lair:8   | Reached XP level 15. HP: 108/108 MP: 15/15
 23013 | Lair:8   | Reached XP level 16. HP: 114/114 MP: 16/16
 23265 | Lair:8   | Learned a level 2 spell: Repel Missiles
 23350 | Lair:8   | Reached ****** piety under Ashenzari
 24340 | Lair:8   | Reached skill level 5 in Earth Magic
 24702 | Lair:8   | Reached skill level 5 in Transmutations
 25133 | D:7      | Bought a potion of heal wounds for 60 gold pieces
 25133 | D:7      | Bought a potion of curing for 36 gold pieces
 25133 | D:7      | Bought a potion of heal wounds for 60 gold pieces
 25202 | D:10     | Entered Level 10 of the Dungeon
 25603 | D:10     | Found a staircase to the Orcish Mines.
 25672 | D:10     | Identified a scroll of acquirement
 26436 | Orc:1    | Entered Level 1 of the Orcish Mines
 27817 | Orc:4    | Entered Level 4 of the Orcish Mines
 27859 | Orc:4    | Found a roughly hewn altar of Beogh.
 28067 | Orc:4    | Noticed Nergalle
 28390 | Orc:4    | Found a roughly hewn altar of Beogh.
 28565 | Orc:4    | Reached XP level 17. HP: 121/121 MP: 17/17
 28632 | Orc:4    | Killed Nergalle
 28651 | Orc:4    | Found Iduklyjai's Antique Armour Boutique.
 28692 | Orc:4    | Found Dosug's Antique Weapon Boutique.
 28709 | Orc:4    | Found Qotetih's Jewellery Boutique.
 28768 | Orc:4    | Found a staircase to the Elven Halls.
 28941 | Orc:4    | Found Ziell's General Store.
 28947 | Orc:4    | Bought 2 potions of heal wounds for 120 gold pieces
 29298 | Orc:4    | Bought an encrusted buckler for 228 gold pieces
 29298 | Orc:4    | Identified the +1 buckler of the Tarantula {rF+} (You bought it in a shop on level 4 of the Orcish Mines)
 29787 | D:11     | Noticed Erolcha
 29794 | D:11     | Killed Erolcha
 29892 | D:11     | Learned a level 5 spell: Phase Shift
 29977 | D:11     | Noticed Clownie's ghost (novice FeMo)
 29980 | D:11     | Learned a level 2 spell: Blink
 29992 | D:11     | Killed Clownie's ghost
 30033 | D:11     | Noticed Harold
 30040 | D:11     | Killed Harold
 30323 | D:12     | Gained mutation: You evolve. [potion of beneficial mutation]
 30324 | D:12     | Gained mutation: You are partially covered in yellow scales (AC +2). [potion of beneficial mutation]
 30388 | D:12     | Found a stormy altar of Qazlal.
 31052 | D:12     | Gained mutation: You are robust (+10% HP). [potion of beneficial mutation]
 31275 | D:13     | Reached skill level 15 in Unarmed Combat
 31389 | D:13     | Reached skill level 1 in Translocations
 31470 | D:13     | Reached skill level 1 in Spellcasting
 31841 | D:14     | Found a gate to the Vaults.
 31841 | D:14     | Noticed Norris
 31841 | D:14     | Noticed Donald
 31841 | D:14     | Noticed Enrond's ghost (novice DECj)
 32108 | D:14     | Reached skill level 15 in Dodging
 32276 | D:14     | Found Opir's Pet Rocks.
 32291 | D:14     | Bought a book of the Earth for 910 gold pieces
 32293 | D:14     | Learned a level 1 spell: Apportation
 32552 | D:14     | Killed Norris
 32570 | D:14     | Killed Donald
 32624 | D:14     | Killed Enrond's ghost
 32982 | D:14     | Reached XP level 18. HP: 144/144 MP: 23/23
 33092 | D:14     | Noticed a lich
 33104 | D:14     | Killed a lich
 33104 | D:14     | Reached skill level 5 in Translocations
 33153 | D:14     | Learned a level 6 spell: Statue Form
 33218 | D:14     | Gained mutation: You are partially covered in iridescent scales (AC +4). [evolution]
 33255 | D:15     | Entered Level 15 of the Dungeon
 33394 | D:15     | Found a staircase to the Depths.
 34905 | Swamp:1  | Entered Level 1 of the Swamp
 37032 | Swamp:3  | Noticed Roxanne
 37255 | Swamp:3  | Killed Roxanne
 37265 | Swamp:3  | Identified Roxanne's Volume of the Unstable Rocks (You took it off Roxanne on level 3 of the Swamp)
 37300 | Swamp:3  | Reached skill level 16 in Dodging
 37618 | Swamp:3  | Noticed Aizul
 37639 | Swamp:3  | Killed Aizul
 37963 | Swamp:4  | Entered Level 4 of the Swamp
 38303 | Swamp:4  | Gained mutation: Your mind is acute. (Int +2) [evolution]
 38303 | Swamp:4  | Lost mutation: You evolve. [end of evolution]
 38688 | Swamp:4  | Reached XP level 19. HP: 151/151 MP: 13/26
 38816 | Swamp:4  | Reached skill level 5 in Spellcasting
 38850 | Swamp:4  | Reached skill level 15 in Fighting
 38938 | Swamp:4  | Got a decaying rune of Zot
 39532 | Snake:1  | Entered Level 1 of the Snake Pit
 39544 | Snake:1  | Noticed Louise
 39557 | Snake:1  | Killed Louise
 40919 | Snake:1  | Learned a level 3 spell: Regeneration
 41304 | Snake:2  | Noticed Vashnia
 41342 | Snake:2  | Killed Vashnia
 41369 | Snake:2  | Found a burning altar of Makhleb.
 41819 | Snake:3  | Found a frozen archway.
 41828 | IceCv    | Entered an ice cave
 42172 | IceCv    | Identified the ring "Ymnase" {Ice rElec rPois Str+2}
 42216 | Snake:3  | Found a flickering gateway to a bazaar.
 42240 | Bazaar   | Entered a bazaar
 42240 | Bazaar   | Found Deacalimn's General Store.
 42498 | Bazaar   | Found Ephihin's Weapon Emporium.
 42507 | Bazaar   | Found Fathra's Weapon Shop.
 42515 | Bazaar   | Found Lizxuhuo's Antique Weapon Boutique.
 42521 | Bazaar   | Found Umosir Vaage's Antique Weapon Shop.
 42571 | Bazaar   | Bought a scroll of blinking for 75 gold pieces
 42571 | Bazaar   | Bought a scroll of blinking for 75 gold pieces
 42571 | Bazaar   | Bought a scroll of fear for 35 gold pieces
 42571 | Bazaar   | Bought a royal jelly for 20 gold pieces
 43565 | Snake:4  | Entered Level 4 of the Snake Pit
 43760 | Snake:4  | Reached XP level 20. HP: 151/161 MP: 32/32
 44792 | Snake:4  | Got a serpentine rune of Zot
 45334 | Elf:1    | Entered Level 1 of the Elven Halls
 45562 | Elf:1    | Identified the cursed ring "Edin" {rElec rF- MP+9 Str+3 Int+3} (You acquired it on level 1 of the Elven Halls)
 45593 | Elf:1    | Reached skill level 10 in Spellcasting
 45894 | Elf:1    | Noticed Asterion
 45906 | Elf:1    | Killed Asterion
 45906 | Elf:1    | Reached skill level 17 in Fighting
 46522 | Elf:2    | Found a huge runed gate.
 46522 | Elf:2    | Found a huge runed gate.
 46522 | Elf:2    | Found a huge runed gate.
 46522 | Elf:2    | Found a huge runed gate.
 46522 | Elf:2    | Found a huge runed gate.
 46704 | Elf:2    | Reached XP level 21. HP: 132/171 MP: 22/35
 47009 | Elf:3    | Entered Level 3 of the Elven Halls
 48993 | Elf:3    | Identified the Grimoire of the Compass (You found it on level 3 of the Elven Halls)
 48999 | Elf:3    | Identified Lehudib's Disquisition on the Destructive Rocks
 49011 | Elf:3    | Identified the Guide on Intoxication and Confrontation
 49031 | Elf:3    | Learned a level 1 spell: Summon Butterflies
 49061 | Elf:3    | Identified Sif Muna's Catalogue of Earthen Combat Magic
 49222 | Elf:3    | Reached skill level 18 in Fighting
 49576 | Vaults:1 | Entered Level 1 of the Vaults
 50400 | Vaults:1 | Reached XP level 22. HP: 181/181 MP: 38/38
 51261 | Vaults:2 | Found a staircase to the Crypt.
 51624 | Vaults:2 | Found a portal to a secret trove of treasure.
 52418 | Vaults:3 | Reached skill level 19 in Fighting
 52418 | Vaults:3 | Reached skill level 1 in Summonings
 52743 | Vaults:3 | Noticed Frederick
 52757 | Vaults:3 | Killed Frederick
 53186 | Vaults:4 | Found Faessel's Distillery.
 53194 | Vaults:4 | Bought 2 potions of heal wounds for 130 gold pieces
 53194 | Vaults:4 | Bought a potion of cure mutation for 455 gold pieces
 53194 | Vaults:4 | Bought a potion of curing for 39 gold pieces
 53194 | Vaults:4 | Bought a potion of heal wounds for 65 gold pieces
 53194 | Vaults:4 | Bought a potion of cure mutation for 455 gold pieces
 53194 | Vaults:4 | Bought a potion of heal wounds for 65 gold pieces
 53194 | Vaults:4 | Bought 2 potions of heal wounds for 130 gold pieces
 53194 | Vaults:4 | Bought a potion of might for 52 gold pieces
 53736 | Vaults:4 | Reached XP level 23. HP: 191/191 MP: 39/39
 54396 | Vaults:5 | Entered Level 5 of the Vaults
 54794 | Vaults:5 | Found Efag Iramo's Distillery.
 54805 | Vaults:5 | Bought a potion of curing for 63 gold pieces
 54805 | Vaults:5 | Bought a potion of heal wounds for 105 gold pieces
 54805 | Vaults:5 | Bought a potion of curing for 63 gold pieces
 54805 | Vaults:5 | Bought a potion of curing for 63 gold pieces
 54939 | Vaults:5 | Noticed an ancient lich
 54953 | Vaults:5 | Killed an ancient lich
 54997 | Vaults:5 | Reached skill level 20 in Fighting
 55035 | Vaults:5 | Got a silver rune of Zot
 55127 | Vaults:5 | Noticed karlm's ghost (veteran DEWz)
 55135 | Vaults:5 | Killed karlm's ghost
 55262 | Vaults:5 | Identified the ring "Yle Xuvups" {+/*Tele rElec rF+ Int-2 Slay+6} (You took it off a vault warden on level 5 of the Vaults)
 55323 | Vaults:5 | Reached XP level 24. HP: 177/201 MP: 39/39
 55747 | Vaults:5 | Identified the ring "Ekhlel" {rN+ MP+9 Str+4 Int+4} (You took it off a yaktaur on level 5 of the Vaults)
 56406 | Depths:1 | Entered Level 1 of the Depths
 56456 | Depths:1 | Found a one-way gate to the infinite horrors of the Abyss.
 57007 | Depths:1 | Found a gateway to Hell.
 57070 | Depths:1 | Found a runed door.
 57073 | Depths:1 | Found a gateway to a ziggurat.
 57809 | Depths:2 | Reached skill level 21 in Fighting
 57919 | Depths:2 | Found a one-way gate leading to the halls of Pandemonium.
 57993 | Depths:2 | Reached XP level 25. HP: 211/211 MP: 39/39
 58021 | Depths:2 | Identified the amulet "Xuav" {Stasis rN+}
 58078 | Depths:2 | Noticed an ancient lich
 58086 | Depths:2 | Killed an ancient lich
 58186 | Depths:2 | Noticed Wiglaf
 58208 | Depths:2 | Killed Wiglaf
 58440 | Depths:2 | Paralysed by a giant eyeball for 3 turns
 59299 | Depths:3 | Reached skill level 10 in Earth Magic
 59444 | Depths:3 | Found a runed door.
 59473 | Depths:3 | Noticed a juggernaut
 59473 | Depths:3 | Found a runed door.
 59484 | Depths:3 | Reached skill level 10 in Transmutations
 59489 | Depths:3 | Killed a juggernaut
 59514 | Depths:3 | Noticed a juggernaut
 59514 | Depths:3 | Noticed a juggernaut
 59519 | Depths:3 | Killed a juggernaut
 59526 | Depths:3 | Killed a juggernaut
 59619 | Depths:3 | Identified the Compendium of the Snowflakes
 59876 | Depths:4 | Reached XP level 26. HP: 218/218 MP: 39/39
 60250 | Depths:4 | Paralysed by a giant eyeball for 2 turns
 60778 | Depths:5 | Entered Level 5 of the Depths
 61174 | Depths:5 | Found a gate to the Realm of Zot.
 61189 | Depths:5 | Reached skill level 22 in Unarmed Combat
 61290 | Depths:5 | Noticed Saint Roka
 61319 | Depths:5 | Killed Saint Roka
 61360 | Depths:5 | Learned a level 5 spell: Aura of Abjuration
 62000 | Depths:4 | Voluntarily entered the Abyss.
 62352 | Abyss:3  | Found a glowing golden altar of the Shining One.
 62383 | Abyss:3  | Got an abyssal rune of Zot
 62560 | Depths:4 | Escaped the Abyss
 62932 | Crypt:1  | Entered Level 1 of the Crypt
 62996 | Crypt:1  | Reached XP level 27. HP: 225/225 MP: 39/39
 63683 | Crypt:1  | Found a basalt altar of Yredelemnul.
 63840 | Crypt:2  | Noticed Khufu
 63854 | Crypt:2  | Killed Khufu
 63931 | Crypt:2  | Found an ancient bone altar of Kikubaaqudgha.
 64855 | Crypt:3  | Entered Level 3 of the Crypt
 65135 | Crypt:3  | Identified the Grimoire of Sinister Magic
 65181 | Crypt:3  | Identified Sif Muna's Almanac of Summoning (You found it on level 3 of the Crypt)
 65555 | Crypt:3  | Found a staircase to the Tomb.
 66304 | Slime:1  | Entered Level 1 of the Pits of Slime
 66815 | Slime:2  | Noticed Dissolution
 66826 | Slime:2  | Killed Dissolution
 66826 | Slime:2  | Reached skill level 23 in Unarmed Combat
 67315 | Slime:6  | Entered Level 6 of the Pits of Slime
 67389 | Slime:6  | Found a viscous altar of Jiyva.
 67501 | Slime:6  | Noticed the royal jelly
 67511 | Slime:6  | Killed the royal jelly
 67564 | Slime:6  | Identified the ring "Uredof" {rF+ rC+ rN+ Dex+2}
 67580 | Slime:6  | Identified the Tome of Mutagenic Clay
 67590 | Slime:6  | Learned a level 6 spell: Iron Shot
 67647 | Slime:6  | Got a slimy rune of Zot
 67738 | Slime:6  | Learned a level 4 spell: Passage of Golubria
 67762 | Slime:6  | Identified Plog's Papyrus of Bewitchment (You found it on level 6 of the Pits of Slime)
 68085 | D:9      | Learned a level 8 spell: Controlled Blink
 68475 | Pan      | Entered Pandemonium
 68871 | Pan      | Identified Sif Muna's Volume of the Shifting Snowflakes (You found it in Pandemonium)
 68896 | Pan      | Noticed Xuummadgh the pandemonium lord
 68909 | Pan      | Killed Xuummadgh the pandemonium lord
 68909 | Pan      | Reached skill level 10 in Stealth
 68912 | Pan      | Got a demonic rune of Zot
 68969 | Pan      | Found an exit through the horrors of the Abyss.
 69290 | Pan      | Noticed Soschosm the pandemonium lord
 69299 | Pan      | Found an exit through the horrors of the Abyss.
 69368 | Pan      | Found an exit through the horrors of the Abyss.
 69445 | Pan      | Found a huge runed gate.
 69680 | Pan      | Found a runed door.
 69684 | Pan      | Found a runed door.
 69713 | Pan      | Noticed Ameha the pandemonium lord
 69714 | Pan      | Found a runed door.
 69714 | Pan      | Found a runed door.
 69719 | Pan      | Killed Ameha the pandemonium lord
 69733 | Pan      | Identified Ijepteit's Tome of Glacial Dark Arts
 69764 | Pan      | Found an exit through the horrors of the Abyss.
 70102 | Pan      | Found an exit through the horrors of the Abyss.
 70279 | Pan      | Reached skill level 15 in Spellcasting
 70336 | Pan      | Found a white marble altar of Elyvilon.
 70369 | Pan      | Reached skill level 24 in Unarmed Combat
 70559 | Pan      | Learned a level 6 spell: Deflect Missiles
 70717 | Pan      | Reached skill level 15 in Stealth
 71599 | Pan      | Reached skill level 10 in Translocations
 71701 | Pan      | Found a glowing silver altar of Zin.
 72040 | Pan      | Noticed a seraph
 72065 | Pan      | Killed a seraph
 72087 | Pan      | Identified the cursed +0 buckler of Ocotri {Regen+ Stlth+} (You took it off a cherub in Pandemonium)
 72115 | Pan      | Found a glowing golden altar of the Shining One.
 72122 | Pan      | Identified Sif Muna's Catalogue of Confrontation and Flight
 72126 | Pan      | Identified Tuuhof's Guide on Fetching Cold
 72352 | Depths:2 | Escaped Pandemonium
 72374 | Pan      | Entered Pandemonium
 73038 | Pan      | Entered the realm of Mnoleg.
 73053 | Pan      | Found an exit through the horrors of the Abyss.
 73516 | Pan      | Noticed Mnoleg
 73522 | Pan      | Killed Mnoleg
 73574 | Pan      | Got a glowing rune of Zot
 73917 | Pan      | Found an exit through the horrors of the Abyss.
 74077 | Pan      | Reached skill level 25 in Unarmed Combat
 74120 | Pan      | Found an exit through the horrors of the Abyss.
 74172 | Pan      | Noticed Liresch the pandemonium lord
 74215 | Pan      | Killed Liresch the pandemonium lord
 74226 | Pan      | Found an exit through the horrors of the Abyss.
 74259 | Pan      | Gained mutation: You tend to lose your temper in combat. [a neqoxec]
 74698 | Pan      | Noticed Mennas
 74717 | Pan      | Killed Mennas
 74721 | Pan      | Found an exit through the horrors of the Abyss.
 74965 | Pan      | Found an exit through the horrors of the Abyss.
 74974 | Pan      | Found an exit through the horrors of the Abyss.
 75033 | Pan      | Noticed Qizemio the pandemonium lord
 75040 | Pan      | Killed Qizemio the pandemonium lord
 75291 | Pan      | Entered the realm of Cerebov.
 75618 | Pan      | Found an exit through the horrors of the Abyss.
 75674 | Pan      | Found a gateway to a ziggurat.
 75935 | Pan      | Identified the Incunabulum of Helpful Earth
 76323 | Pan      | Noticed Cerebov
 76352 | Pan      | Killed Cerebov
 76418 | Pan      | Got a fiery rune of Zot
 76448 | Pan      | Identified Pihuyqaocw's Collected Works on Unholy Rites and Contamination
 76534 | Zig:1    | Entered Level 1 of a ziggurat
 76552 | Zig:2    | Entered Level 2 of a ziggurat
 76573 | Zig:3    | Entered Level 3 of a ziggurat
 76595 | Zig:4    | Entered Level 4 of a ziggurat
 76621 | Zig:5    | Entered Level 5 of a ziggurat
 76653 | Zig:6    | Entered Level 6 of a ziggurat
 76688 | Zig:7    | Entered Level 7 of a ziggurat
 76758 | Zig:8    | Entered Level 8 of a ziggurat
 76766 | Zig:8    | Noticed Maith the pandemonium lord
 76766 | Zig:8    | Noticed Nioqedis the pandemonium lord
 76777 | Zig:8    | Reached skill level 26 in Unarmed Combat
 76777 | Zig:8    | Reached skill level 15 in Translocations
 76780 | Zig:8    | Killed Nioqedis the pandemonium lord
 76784 | Zig:8    | Killed Maith the pandemonium lord
 76834 | Zig:9    | Entered Level 9 of a ziggurat
 76853 | Zig:9    | Paralysed by accursed screaming for 2 turns
 76858 | Zig:9    | Paralysed by accursed screaming for 2 turns
 76866 | Zig:9    | Paralysed by accursed screaming for 2 turns
 76872 | Zig:9    | Paralysed by accursed screaming for 1 turns
 77193 | Zig:9    | Identified Roxanne's Collected Works on the Rocks and Transformation
 77196 | Zig:9    | Identified the Compendium of Battle Magic
 77221 | Zig:10   | Entered Level 10 of a ziggurat
 77307 | Zig:10   | Identified the Incunabulum of Lethal Enhancements
 77316 | Zig:10   | Learned a level 6 spell: Haste
 77427 | Zig:11   | Entered Level 11 of a ziggurat
 77443 | Zig:11   | Reached skill level 1 in Charms
 77506 | Zig:11   | Identified the Incunabulum of Displacement and the Entourage
 77510 | Zig:12   | Entered Level 12 of a ziggurat
 77567 | Zig:12   | Identified the ring "Jarotank" {MR+ Str+3}
 77597 | Zig:12   | Identified the +3 buckler of Dohoergh {*Contam Str+4 Int+2}
 77607 | Zig:12   | Identified the Collected Works on Companions
 77624 | Zig:13   | Entered Level 13 of a ziggurat
 77654 | Zig:13   | Reached skill level 5 in Charms
 77776 | Zig:14   | Entered Level 14 of a ziggurat
 77872 | Zig:14   | Identified the ring of the Princeling {rElec rN+}
 77873 | Zig:14   | Identified the amulet of Qeakenwa {rElec rF+ Regen+}
 77985 | Zig:15   | Entered Level 15 of a ziggurat
 78030 | Zig:15   | Identified the +1 large shield of the Solstice {rElec rF+ rC+ MP+9}
 78354 | Depths:2 | Escaped Pandemonium
 78671 | Vaults:2 | You paid a toll of a +5 demon blade to enter a treasure trove
 78672 | Trove    | Entered a treasure trove
 78695 | Trove    | Identified the cursed ring "Koj Ozxo" {-Tele rPois Dex-3 Slay+2 Stlth+}
 78713 | Trove    | Gained mutation: You are resistant to hostile enchantments. [potion of beneficial mutation]
 79206 | Pan      | Entered Pandemonium
 79228 | Pan      | Noticed Eppeysm the pandemonium lord
 79299 | Pan      | Killed Eppeysm the pandemonium lord
 79386 | Pan      | Noticed Ruraunn the pandemonium lord
 79395 | Pan      | Killed Ruraunn the pandemonium lord
 79434 | Pan      | Entered the realm of Gloorx Vloq.
 79494 | Pan      | Found an exit through the horrors of the Abyss.
 79533 | Pan      | Reached skill level 27 in Unarmed Combat
 79623 | Pan      | Noticed Gloorx Vloq
 79634 | Pan      | Killed Gloorx Vloq
 79729 | Pan      | Got a dark rune of Zot
 79921 | Pan      | Reached skill level 10 in Charms
 80459 | Pan      | Entered the realm of Lom Lobon.
 80459 | Pan      | Noticed Lom Lobon
 80497 | Pan      | Killed Lom Lobon
 80664 | Pan      | Got a magical rune of Zot
 80882 | Pan      | Found an exit through the horrors of the Abyss.
 81529 | Pan      | Reached skill level 1 in Air Magic
 81624 | Pan      | Found an exit through the horrors of the Abyss.
 81629 | Pan      | Lost mutation: You are partially covered in yellow scales (AC +2). [the power of Zot]
 81872 | Pan      | Noticed Maidablu the pandemonium lord
 81879 | Pan      | Killed Maidablu the pandemonium lord
 81971 | Pan      | Found an exit through the horrors of the Abyss.
 82174 | Pan      | Noticed Oghi the pandemonium lord
 82194 | Pan      | Killed Oghi the pandemonium lord
 82214 | Pan      | Reached skill level 5 in Air Magic
 82469 | Pan      | Noticed Cus Lede the pandemonium lord
 82480 | Pan      | Killed Cus Lede the pandemonium lord
 82511 | Pan      | Found an exit through the horrors of the Abyss.
 82648 | Pan      | Gained mutation: Your magical capacity is low (-10% MP). [a neqoxec]
 82731 | Depths:2 | Escaped Pandemonium
 83477 | D:14     | Learned a level 9 spell: Shatter
 83649 | Zig:1    | Entered Level 1 of a ziggurat
 83659 | Zig:2    | Entered Level 2 of a ziggurat
 83670 | Zig:3    | Entered Level 3 of a ziggurat
 83709 | Zig:4    | Entered Level 4 of a ziggurat
 83732 | Zig:5    | Entered Level 5 of a ziggurat
 83732 | Zig:5    | Identified the cursed ring "Baqase" {AC-5 Str-3 Int+3 Dex+3}
 83836 | Zig:6    | Entered Level 6 of a ziggurat
 83840 | Zig:6    | Identified the ring "Baucrypt" {+/*Tele Int+8 Stlth-}
 83890 | Zig:7    | Entered Level 7 of a ziggurat
 83940 | Zig:8    | Entered Level 8 of a ziggurat
 84180 | Zig:8    | Identified a -1 rod of shadows (13/13) (You found it on level 8 of a ziggurat)
 84203 | Zig:9    | Entered Level 9 of a ziggurat
 84281 | Zig:10   | Entered Level 10 of a ziggurat
 84369 | Zig:10   | Reached skill level 15 in Earth Magic
 84373 | Zig:11   | Entered Level 11 of a ziggurat
 84492 | Zig:12   | Entered Level 12 of a ziggurat
 84622 | Zig:13   | Entered Level 13 of a ziggurat
 84633 | Zig:13   | Noticed Udoates the pandemonium lord
 84635 | Zig:13   | Noticed Oplim the pandemonium lord
 84642 | Zig:13   | Noticed Wubiorphu the pandemonium lord
 84643 | Zig:13   | Killed Udoates the pandemonium lord
 84648 | Zig:13   | Killed Oplim the pandemonium lord
 84659 | Zig:13   | Killed Wubiorphu the pandemonium lord
 84758 | Zig:14   | Entered Level 14 of a ziggurat
 84770 | Zig:14   | Noticed Niegaic the pandemonium lord
 84771 | Zig:14   | Noticed Lochibb the pandemonium lord
 84773 | Zig:14   | Noticed Butol Gosist the pandemonium lord
 84773 | Zig:14   | Noticed Bankim the pandemonium lord
 84773 | Zig:14   | Noticed Cyirch the pandemonium lord
 84791 | Zig:14   | Killed Bankim the pandemonium lord
 84795 | Zig:14   | Killed Cyirch the pandemonium lord
 84797 | Zig:14   | Killed Niegaic the pandemonium lord
 84799 | Zig:14   | Killed Lochibb the pandemonium lord
 84808 | Zig:14   | Killed Butol Gosist the pandemonium lord
 84913 | Zig:14   | Identified the Tome of Battle Magic and Cold
 84954 | Zig:15   | Entered Level 15 of a ziggurat
 85066 | Zig:15   | Identified the amulet "Paotec" {Ward rN+ Dex+4}
 85094 | Zig:15   | Identified the Grimoire of the Floating Snowflakes
 85143 | Zig:16   | Entered Level 16 of a ziggurat
 85164 | Zig:16   | Paralysed by accursed screaming for 1 turns
 85416 | Hell     | Entered the Vestibule of Hell
 85416 | Hell     | Noticed Geryon
 85489 | Hell     | Killed Geryon
 85537 | Hell     | Found a gateway to the ashen valley of Gehenna.
 85649 | Hell     | Found a gateway to the Iron City of Dis.
 85742 | Hell     | Found a gateway to the freezing wastes of Cocytus.
 85824 | Hell     | Found a gateway to the decaying netherworld of Tartarus.
 85957 | Dis:1    | Entered Level 1 of the Iron City of Dis
 86365 | Dis:6    | Reached skill level 10 in Throwing
 86400 | Dis:7    | Entered Level 7 of the Iron City of Dis
 86667 | Dis:7    | Noticed Kloppie's ghost (legendary HOFi)
 86681 | Dis:7    | Killed Kloppie's ghost
 86856 | Dis:7    | Reached skill level 15 in Shields
 86917 | Dis:7    | Identified the ring "Ohaidaf" {Str+6 Stlth+}
 87084 | Dis:7    | Identified the Reference Book on the Snowflakes (You found it on level 7 of the Iron City of Dis)
 87277 | Dis:7    | Identified the Collected Works on Spatial Confrontation
 87760 | Dis:7    | Identified a +3 rod of shadows (12/12) (You found it on level 7 of the Iron City of Dis)
 87813 | Dis:7    | Noticed Dispater
 87836 | Dis:7    | Killed Dispater
 87867 | Dis:7    | Got an iron rune of Zot
 88257 | Geh:1    | Entered Level 1 of Gehenna
 89338 | Geh:7    | Entered Level 7 of Gehenna
 90183 | Geh:7    | Identified Laleelum's Catalogue of Attacks
 90217 | Geh:7    | Reached skill level 5 in Summonings
 90220 | Geh:7    | Identified the amulet of Deygyeqyas {+Rage rC+ Dex+2} (You took it off a balrug on level 7 of Gehenna)
 90264 | Geh:7    | Noticed Asmodeus
 90276 | Geh:7    | Killed Asmodeus
 90276 | Geh:7    | Identified the ring "Xash" {Ice Dex+6 Stlth+} (You took it off Asmodeus on level 7 of Gehenna)
 90289 | Geh:7    | Got an obsidian rune of Zot
 90351 | Geh:7    | Identified Vehumet's Grimoire of Battle Magic (You found it on level 7 of Gehenna)
 90701 | Tar:1    | Entered Level 1 of Tartarus
 91225 | Tar:7    | Entered Level 7 of Tartarus
 91539 | Tar:7    | Reached skill level 10 in Summonings
 91703 | Tar:7    | Identified the cursed -2 hat "Fannecath" {rC+ Int+3}
 91776 | Tar:7    | Noticed Ereshkigal
 91798 | Tar:7    | Killed Ereshkigal
 91840 | Tar:7    | Got a bone rune of Zot
 92696 | Tar:7    | Identified the cursed ring of Kimofit {MR+ Int-2}
 92833 | Tar:7    | Identified the cursed ring of Waerphoje {Str-2 Slay+2 SInv Stlth-}
 93390 | Tar:7    | Identified the amulet of Xyfros {rMut rPois Int-3 Dex-2 Stlth+}
 93687 | Coc:1    | Entered Level 1 of Cocytus
 94144 | Coc:7    | Entered Level 7 of Cocytus
 94313 | Coc:7    | Noticed the Serpent of Hell
 94357 | Coc:7    | Killed the Serpent of Hell
 95341 | Coc:7    | Noticed Antaeus
 95356 | Coc:7    | Killed Antaeus
 95408 | Coc:7    | Reached skill level 27 in Fighting
 95487 | Coc:7    | Got an icy rune of Zot
 96269 | Tomb:1   | Entered Level 1 of the Tomb of the Ancients
 96322 | Tomb:1   | Noticed Sojobo
 96338 | Tomb:1   | Killed Sojobo
 96544 | Tomb:1   | Noticed an ancient lich
 96562 | Tomb:1   | Killed an ancient lich
 97781 | Tomb:3   | Entered Level 3 of the Tomb of the Ancients
 98328 | Tomb:3   | Identified the cursed +0 shield of the Engineer {rF+}
 98435 | Tomb:3   | Reached skill level 27 in Spellcasting
 98466 | Tomb:3   | Identified the ring "Weot" {Wiz Slay+2}
 98754 | Tomb:3   | Got a golden rune of Zot
 99593 | Zot:1    | Entered Level 1 of the Realm of Zot
100068 | Zot:1    | Reached skill level 1 in Evocations
100805 | Zot:2    | Reached skill level 5 in Evocations
101753 | Zot:2    | Learned a level 5 spell: Silence
101808 | Zot:3    | Identified Zeeden's Collected Works on the Glacial Escort
103555 | Zot:4    | Reached skill level 10 in Evocations
104296 | Zot:5    | Entered Level 5 of the Realm of Zot
104821 | Zot:5    | Noticed an orb of fire
104834 | Zot:5    | Killed an orb of fire
104870 | Zot:5    | Noticed an ancient lich
104875 | Zot:5    | Noticed an ancient lich
104880 | Zot:5    | Killed an ancient lich
104882 | Zot:5    | Killed an ancient lich
104890 | Zot:5    | Noticed an ancient lich
104890 | Zot:5    | Noticed an ancient lich
104905 | Zot:5    | Killed an ancient lich
104916 | Zot:5    | Killed an ancient lich
104953 | Zot:5    | Gained mutation: You occasionally shout uncontrollably at your foes. [mutagenic glow]
105014 | Zot:5    | Noticed an ancient lich
105014 | Zot:5    | Noticed an ancient lich
105015 | Zot:5    | Noticed an ancient lich
105022 | Zot:5    | Noticed an orb of fire
105025 | Zot:5    | Noticed an ancient lich
105027 | Zot:5    | Killed an ancient lich
105027 | Zot:5    | Reached skill level 15 in Evocations
105032 | Zot:5    | Killed an orb of fire
105033 | Zot:5    | Killed an ancient lich
105036 | Zot:5    | Killed an ancient lich
105040 | Zot:5    | Killed an ancient lich
105065 | Zot:5    | Noticed an ancient lich
105077 | Zot:5    | Killed an ancient lich
105568 | Depths:4 | Voluntarily entered the Abyss.
105690 | Abyss:1  | Noticed an ancient lich
105695 | Abyss:1  | Killed an ancient lich
105715 | Abyss:2  | Found a corrupted altar of Lugonu.
105813 | Abyss:3  | Identified the amulet of Reshaqae {Ward rElec rN+ Slay+3 SInv}
106009 | Abyss:3  | Paralysed by accursed screaming for 1 turns
106325 | Abyss:3  | Found a corrupted altar of Lugonu.
106418 | Abyss:5  | Entered Level 5 of the Abyss
106733 | Depths:4 | Escaped the Abyss
107039 | Zot:5    | Got the Orb of Zot
107329 | Zot:1    | Noticed Jiho the pandemonium lord
107338 | Zot:1    | Killed Jiho the pandemonium lord
107419 | Depths:4 | Noticed a seraph
107427 | Depths:4 | Killed a seraph
107743 | D:13     | Noticed a seraph
107753 | D:13     | Killed a seraph
107766 | D:13     | Noticed Ginuwodd the pandemonium lord
107775 | D:13     | Killed Ginuwodd the pandemonium lord
107793 | D:13     | Noticed Sinifura the pandemonium lord
107798 | D:13     | Killed Sinifura the pandemonium lord
107930 | D:10     | Noticed Xaddeum the pandemonium lord
107933 | D:10     | Killed Xaddeum the pandemonium lord
108338 | D:$      | Escaped with the Orb!

Action                   |  1- 3 |  4- 6 |  7- 9 | 10-12 | 13-15 | 16-18 | 19-21 | 22-24 | 25-27 || total
-------------------------+-------+-------+-------+-------+-------+-------+-------+-------+-------++-------
Melee: Unarmed           |    81 |   118 |   328 |   680 |   445 |  1795 |  1275 |  1412 |  9214 || 15348
 Fire: Blowgun           |       |       |       |    25 |     7 |    14 |     3 |     3 |     1 ||    53
 Cast: Stoneskin         |       |       |       |       |     1 |     9 |    32 |    12 |    95 ||   149
       Repel Missiles    |       |       |       |       |       |     3 |     6 |     2 |     7 ||    18
       Statue Form       |       |       |       |       |       |     9 |    31 |    12 |   152 ||   204
       Lee's Rapid Decon |       |       |       |       |       |     8 |       |       |    91 ||    99
       Phase Shift       |       |       |       |       |       |     7 |    29 |    12 |    69 ||   117
       Regeneration      |       |       |       |       |       |       |     5 |     4 |    64 ||    73
       Apportation       |       |       |       |       |       |       |     2 |       |    21 ||    23
       Summon Butterflie |       |       |       |       |       |       |       |     1 |       ||     1
       Aura of Abjuratio |       |       |       |       |       |       |       |       |     2 ||     2
       Shatter           |       |       |       |       |       |       |       |       |    60 ||    60
       Iron Shot         |       |       |       |       |       |       |       |       |    43 ||    43
       Haste             |       |       |       |       |       |       |       |       |    23 ||    23
       Deflect Missiles  |       |       |       |       |       |       |       |       |     9 ||     9
       Controlled Blink  |       |       |       |       |       |       |       |       |     6 ||     6
       Silence           |       |       |       |       |       |       |       |       |     1 ||     1
Invok: Scrying           |       |       |       |       |       |       |     1 |       |       ||     1
 Abil: Evoke Berserk Rag |       |       |       |     7 |     7 |     6 |       |       |       ||    20
       Evoke Teleportati |       |       |       |       |       |       |       |       |     1 ||     1
       Evoke Invisibilit |       |       |       |       |       |       |       |       |     6 ||     6
       End Transformatio |       |       |       |       |       |       |       |       |     1 ||     1
Evoke: Wand              |       |       |       |       |     6 |    14 |    10 |       |    16 ||    46
       Lamp of fire      |       |       |       |       |       |       |     1 |       |       ||     1
  Use: Scroll            |     5 |     3 |     7 |    12 |    11 |    27 |    17 |     5 |    52 ||   139
       Potion            |       |     1 |     1 |     3 |     4 |     5 |       |       |    24 ||    38
 Stab: Sleeping          |    14 |    19 |    37 |    24 |    47 |   104 |    52 |    45 |   276 ||   618
       Distracted        |       |       |     3 |     9 |     6 |    13 |    11 |    19 |   119 ||   180
       Confused          |       |       |       |       |       |       |     1 |       |     4 ||     5
       Paralysed         |       |       |       |       |       |       |     1 |       |       ||     1
       Invisible         |       |       |       |       |       |       |     1 |       |    57 ||    58
       Petrified         |       |       |       |       |       |       |       |       |     4 ||     4
       Petrifying        |       |       |       |       |       |       |       |       |     3 ||     3
  Eat: Chunk             |     2 |     6 |    16 |    32 |    23 |    64 |    42 |    40 |   153 ||   378
       Royal jelly       |       |       |       |       |     1 |       |     2 |       |     4 ||     7
       Fruit             |       |       |       |       |       |     3 |     8 |       |    29 ||    40
       Meat ration       |       |       |       |       |       |       |     2 |       |    24 ||    26
       Bread ration      |       |       |       |       |       |       |       |       |     7 ||     7
       Pizza             |       |       |       |       |       |       |       |       |     2 ||     2
       Beef jerky        |       |       |       |       |       |       |       |       |     2 ||     2
